 Dungeon Crawl Stone Soup version 0.17-a0-1667-g4ca74a1 (webtiles) character file.

184 DogShitOnMyToe the Digger (level 5, -3/37 HPs)
             Began as a Human Wanderer on Aug 18, 2015.
             Slain by a gnoll (8 damage)
             ... on level 4 of the Dungeon.
             The game lasted 00:15:05 (3881 turns).

DogShitOnMyToe the Digger (Human Wanderer)          Turns: 3881, Time: 00:15:05

Health: -3/37      AC:  4    Str: 10    XL:     5   Next: 96%
Magic:  2/9        EV: 11    Int: 15    God:
Gold:   162        SH:  0    Dex: 13    Spells: 2 memorised, 6 levels left

rFire  . . .     SeeInvis .     g - 187 stones
rCold  . . .     Clarity  .     d - +0 robe
rNeg   . . .     SustAt   .     (no shield)
rPois  .         Gourm    .     y - +1 helmet
rElec  .         Spirit   .     (no cloak)
rCorr  .         Warding  .     (no gloves)
rMut   .         Rnd*Tele +     (no boots)
MR     .....                    (no amulet)
Stlth  +.........               w - ring of teleportation (curse)
                                h - ring of flight

@: very slightly contaminated, not resistant to hostile enchantments, very
unstealthy
A: no striking features
a: Evoke Flight, Evoke Teleportation


You were on level 4 of the Dungeon.
You were not hungry.

You visited 1 branch of the dungeon, and saw 4 of its levels.

You collected 162 gold pieces.

Inventory:

Hand weapons
 e - a +0 dagger
 m - a +2 dagger of pain
 u - a cursed -3 hunting sling
Missiles
 g - 187 stones (in hand)
 l - 7 poisoned needles
Armour
 d - a +0 robe (worn)
 y - a +1 helmet (worn)
Jewellery
 h - a ring of flight (left hand)
 w - a cursed ring of teleportation (right hand)
Scrolls
 i - a scroll of recharging
 n - a scroll of teleportation
 v - a scroll of identify
Potions
 j - a potion of heal wounds {unknown}
 k - 3 potions of flight
 p - a potion of haste {unknown}
 r - 2 potions of ambrosia
 s - a potion of invisibility {unknown}
 t - 2 potions of lignification
 x - a potion of might {unknown}
Books
 a - a book of Geomancy

   Spells                             Type                      Level
   a - Sandblast                      Earth                        1
   b - Stoneskin                      Transmutation/Earth          2
   c - Passwall                       Transmutation/Earth          3
   d - Stone Arrow                    Conjuration/Earth            3
   e - Petrify                        Transmutation/Earth          4
   f - Lee's Rapid Deconstruction     Earth                        5
 b - the Disquisition on Ice

   Spells                             Type                      Level
   a - Freeze                         Ice                          1
   b - Ozocubu's Armour               Charms/Ice                   3
 c - the Incunabulum of Cloudy Attacks

   Spells                             Type                      Level
   a - Shock                          Conjuration/Air              1
   b - Static Discharge               Conjuration/Air              3
Comestibles
 f - 2 bread rations
 o - a meat ration
 q - 2 beef jerkies


   Skills:
 - Level 1.0 Fighting
 - Level 2.1(2.2) Short Blades
   Level 1.0(1.6) Long Blades
 - Level 1.0 Dodging
   Level 2.0 Shields
 - Level 3.0 Spellcasting
 + Level 3.1 Conjurations
   Level 1.0 Air Magic
 - Level 3.2 Earth Magic


You had 6 spell levels left.
You knew the following spells:

 Your Spells              Type           Power        Failure   Level  Hunger
a - Sandblast             Erth           ##....       6%          1    #......
b - Stone Arrow           Conj/Erth      ##....       21%         3    ###....


Dungeon Overview and Level Annotations

Branches:
Dungeon (4/15)
 Temple: D:4-7

Altars:
Dithmenos
Elyvilon
Nemelex Xobeh
Yredelemnul
The Shining One

Annotations:
D:4 Blork the orc


Message History

The gnoll closely misses you. The gnoll hits you.
* * * LOW HITPOINT WARNING * * *
Casting: Sandblast
Confirm with . or Enter, or press ? or * to list all spells.
Aiming: Sandblast
Press: ? - help, Shift-Dir - straight line, f - gnoll
Aim: a gnoll (fast)
The rocky blast hits the gnoll.
You kill the gnoll!
Your Conjurations skill increases to level 3!
The gnoll closely misses you.
Casting: Sandblast
Confirm with . or Enter, or press ? or * to list all spells.
Aiming: Sandblast
Press: ? - help, Shift-Dir - straight line, f - gnoll
Aim: a gnoll The rocky blast hits the gnoll.
The gnoll is moderately wounded.
The gnoll hits you!
You die...

##...
###....##
........##
.........#
.........##
#...## ..
##...####...
##g........
##@.......
#..#####..
#..## #..##
#.# .# ##


You could see a gnoll.

Vanquished Creatures
  A gnoll shaman (D:4)
  An orc priest (D:3)
  A gnoll (D:4)
  5 adders
  3 worms
  3 orcs (D:3)
  12 goblins
  9 hobgoblins
  2 jackals (D:3)
  2 ball pythons (D:2)
  11 bats
  3 giant cockroaches (D:2)
  4 giant newts
  3 kobolds (D:1)
  7 rats
67 creatures vanquished.

Notes
Turn   | Place    | Note
--------------------------------------------------------------
     0 | D:1      | DogShitOnMyToe the Human Wanderer began the quest for the Orb.
     0 | D:1      | DogShitOnMyToe set off with: a book of Geomancy, the Disquisition on Ice, the Incunabulum of Cloudy Attacks, a +0 robe, a +0 dagger, a bread ration
     0 | D:1      | Reached XP level 1. HP: 15/15 MP: 4/4
     9 | D:1      | Identified the Disquisition on Ice
     9 | D:1      | Identified the Incunabulum of Cloudy Attacks
    11 | D:1      | Learned a level 1 spell: Sandblast
    95 | D:1      | Reached XP level 2. HP: 4/21 MP: 0/6
   828 | D:1      | Reached XP level 3. HP: 26/26 MP: 5/7
  1489 | D:2      | Reached skill level 1 in Short Blades
  1489 | D:2      | Reached XP level 4. HP: 14/32 MP: 1/8
  1791 | D:2      | Found a sparkling altar of Nemelex Xobeh.
  1884 | D:2      | Found a basalt altar of Yredelemnul.
  1887 | D:2      | Noticed a profane servitor
  1900 | D:2      | Found a glowing golden altar of the Shining One.
  1902 | D:2      | Noticed an angel
  2112 | D:2      | Found a white marble altar of Elyvilon.
  2787 | D:3      | Found a shadowy altar of Dithmenos.
  2865 | D:3      | Learned a level 3 spell: Stone Arrow
  3096 | D:3      | Reached skill level 1 in Conjurations
  3096 | D:3      | Reached XP level 5. HP: 32/37 MP: 9/9
  3814 | D:4      | Noticed Blork the orc
  3881 | D:4      | Slain by a gnoll

Vault maps used:
D:1:      dpeg_arrival_subterranean_lakeside_camping
D:2:      grunt_temple_overflow_holy_war, lemuel_round_altar, lemuel_round_altar
D:3:      grunt_dithmenos_smoke_and_mirrors
D:4:      minmay_temple_entry_glass, nicolae_ossuary_entry_catacombs,
          uniq_blork_the_orc

Action                   |  1- 3 |  4- 6 || total
-------------------------+-------+-------++-------
Melee: Dagger            |    53 |    90 ||   143
 Cast: Sandblast         |    57 |    34 ||    91
  Use: Scroll            |       |     8 ||     8
 Stab: Sleeping          |     1 |     2 ||     3
  Eat: Chunk             |     2 |     8 ||    10
